AoeStats
← Ryanbabel

Arena

510765085Analyzed
1v1 RM · 15h ago on Oct 2, 2026· 27m 46s· 2 players
Game mode
Random Map
Map size
Tiny (2 player)
Population
200
Speed
Normal
Resources
Standard
Victory
Conquest
Starting age
Dark Age
Ending age
Imperial Age
RankedLock teamsTeams togetherTeam positionsShared explorationLock speedFull tech treeHidden civsTurbo modeCheats
Victory
Defeat
🇨🇴 Burmese · Colombia
1158
+16
🇹🇷 Dravidians · Türkiye
1164
-16
AJ0
10:02 Feudal Age
10:01 Loom
13:42 Castle Age
12:57 Horse Collar
13:07 Gold Mining
15:46 Fervor
18:30 Redemption
Ryanbabel
11:06 Feudal Age
12:07 Double-Bit Axe
12:09 Horse Collar
15:42 Castle Age
17:20 Bow Saw
21:26 Loom
Connection lost

Rejoining the realm…

Still unreachable

The connection could not be restored.

Session expired

The server has moved on; the page needs a fresh start.